 Dungeon Crawl Stone Soup version 0.29-a0-901-g46a8461d6a (webtiles) character file.

Game seed: 11650777467763057043

11401 leavemydog the Severer (level 11, -8/107 HPs)
             Began as a Hill Orc Fighter on July 23, 2022.
             Was an Elder of Beogh.
             Mangled by an ogre
             ... wielding a +0 giant club
             ... led by Lodul
              (13 damage)
             ... on level 11 of the Dungeon.
             The game lasted 00:38:27 (11293 turns).

leavemydog the Severer (Hill Orc Fighter)          Turns: 11293, Time: 00:38:27

Health: -8/107     AC: 15    Str: 22    XL:     11   Next: 77%
Magic:  11/11      EV: 10    Int: 10    God:    Beogh [****..]
Gold:   985        SH:  5    Dex: 10    Spells: 8/10 levels left

rFire   . . .      SeeInvis .   G - +5 hand axe
rCold   . . .      Faith    .   c - +0 buckler
rNeg    + . .      Spirit   .   j - +3 leather armour
rPois   +          Reflect  .   l - +0 helmet
rElec   .          Harm     .   v - +0 cloak
rCorr   .          Rampage  .   L - +0 pair of gloves
Will    .....                   (no boots)
Stlth   +.........              (no amulet)
HPRegen 0.27/turn               n - ring of positive energy
MPRegen 0.12/turn               s - +4 ring of protection

@: about to teleport
A: talons 1, poison resistance, subdued magic 1
a: Renounce Religion, Smiting, Recall Orcish Followers


You were on level 11 of the Dungeon.
You worshipped Beogh.
Beogh was greatly pleased with you.
You visited 2 branches of the dungeon, and saw 13 of its levels.
You also visited: Sewer and Ossuary.

You collected 985 gold pieces.

Inventory:

Hand Weapons
 w - a +2 quarterstaff of chaos
 G - a +5 hand axe (weapon)
Armour
 c - a +0 buckler (worn)
 j - a +3 leather armour (worn)
 l - a +0 helmet (worn)
 v - a +0 cloak (worn)
 L - a +0 pair of gloves (worn)
Jewellery
 n - a ring of positive energy (left hand)
 s - a +4 ring of protection (right hand)
 E - a ring of protection from fire
Wands
 d - a wand of light (6)
 x - a wand of flame (84)
 N - a wand of roots (5)
Scrolls
 e - a scroll of identify
 h - 2 scrolls of amnesia
 i - 3 scrolls of silence
 o - 2 scrolls of enchant armour
 r - 2 scrolls of magic mapping
 y - 2 scrolls of immolation
 B - a scroll of torment {unknown}
 D - a scroll of brand weapon {unknown}
 F - 2 scrolls of vulnerability
 H - a scroll of butterflies {unknown}
 I - a scroll of poison {unknown}
 K - a scroll of fear {unknown}
 M - a scroll of summoning {unknown}
Potions
 a - 4 potions of attraction
 b - 4 potions of mutation
 f - 2 potions of lignification
 g - 2 potions of flight
 p - 3 potions of haste
 t - 2 potions of resistance
 u - 6 potions of curing
 A - 2 potions of ambrosia
 J - 2 potions of invisibility


   Skills:
 * Level 13.5 Fighting
 + Level 15.4 Axes
 * Level 7.9 Armour
 * Level 7.0 Shields
 * Level 0.5 Translocations


You had 8 spell levels left.
You knew the following spells:

 Your Spells              Type           Power      Damage    Failure   Level
a - Blink                 Tloc           0%         N/A       52%         2

Your spell library contained the following spells:

 Spells                   Type           Power      Damage    Failure   Level
 Apportation              Tloc           0%         N/A       36%         1
 Magic Dart               Conj           0%         1d3       45%         1
 Searing Ray              Conj           0%         2d4       58%         2
 Dazzling Flash           Conj/Hex       0%         N/A       83%         3
 Tukima's Dance           Hex            0%         N/A       83%         3
 Fulminant Prism          Conj/Hex       0%         3d6       99%         4
 Iskenderun's Mystic Bla  Conj/Tloc      0%         2d3       99%         4
 Passage of Golubria      Tloc           0%         N/A       99%         4
 Alistair's Intoxication  Tmut/Pois      0%         N/A       100%        5
 Manifold Assault         Tloc           0%         N/A       100%        5
 Yara's Violent Unravell  Hex/Tmut       0%         3d3       100%        5
 Starburst                Conj/Fire      0%         6d3       100%        6
 Storm Form               Tmut/Air       0%         N/A       100%        7


Dungeon Overview and Level Annotations

Branches:
Dungeon (12/15)            Temple (1/1) D:5            Lair (0/5) D:9
    Orc (0/2) D:11          Sewer (visited)         Ossuary (visited)

Altars:
Ashenzari
Cheibriados
Dithmenos
Elyvilon
Fedhas
Gozag
Hepliaklqana
Kikubaaqudgha
Makhleb
Nemelex Xobeh
Okawaru
Qazlal
Ru
Sif Muna
Trog
Uskayaw
Vehumet
Wu Jian
Xom
Yredelemnul
Zin
The Shining One
Beogh

Shops:
D:1 :   D:7 :   D:11 =

Annotations:
D:3 3 runed translucent doors, MoonlitKnight's ghost, amateur HOMo
D:9 2 transporters, PeterMcNeter's ghost, novice SpHu
D:12 Lodul


Innate Abilities, Weirdness & Mutations

You have sharp toenails.
Your system is resistant to poisons. (rPois)
Your spells are a little easier to cast, but a little less powerful.


Message History

Your orc warrior hits the ogre with a +0 dire flail!
You hit the ogre.
You kill the ogre!
Beogh accepts your kill.
You hit the ogre. You closely miss the ogre. You hit the ogre.
You barely miss the ogre. You hit the ogre. The ogre closely misses you.
The ogre barely misses you.
The ogre hits you with a +0 giant club!!
You barely miss the ogre.
The ogre is almost dead.
You hit the ogre. You slash the ogre! You hit the ogre.
You barely miss the ogre. You block the ogre's attack.
Your orc warrior hits the ogre with a +0 dire flail!
The ogre dies!
Beogh accepts your kill.
Your orc warrior looks more experienced.
Lodul grins wickedly and says, "Money make world go round."
You block the ogre's attack.
You hit the ogre. Your kick misses the ogre.
The ogre is almost dead.
You hit the ogre. You slash the ogre! You completely miss the ogre.
You hit the ogre. The ogre barely misses you.
The ogre hits you with a +0 giant club! You block the ogre's attack.
The ogre hits you with a +0 giant spiked club!!
* * * LOW HITPOINT WARNING * * *
You block the ogre's attack.
You climb upwards.
There is a stone staircase leading down here.
As you read the scroll of teleportation, it crumbles to dust.
You feel strangely unstable. The ogre closely misses you.
You block the ogre's attack. The ogre barely misses you.
The ogre hits you with a +0 giant club!
* * * LOW HITPOINT WARNING * * *
The ogre attacks as you move away! The ogre hits you with a +0 giant club!
* * * LOW HITPOINT WARNING * * *
The ogre attacks as you move away! The ogre barely misses you.
You block the ogre's attack. The ogre attacks as you move away!
The ogre hits you with a +0 giant club!
You die...

###..# #....#
######[#####(#####
#........##.)(....
#....[....#.).....
#.........#.......
#.....[.?..)..[...
#.[...[.)##.......
#O.O)....##.......
#@O.O....##.......
#..O.....##.......
#........##.......
#....[)..#######'#
#####)..## ###
#####....### #######≈
#........#####....#≈≈
#........'..##....#≈≈
#........##.##....#≈≈


You could see 5 ogres.

Vanquished Creatures
  A boulder beetle (D:11)
  2 cyclopes (D:11)
  An ugly thing (D:9)
  A komodo dragon (D:9)
  A kobold demonologist (D:9)
  A polar bear (D:9)
  4 trolls
  A hornet (D:8)
  Prince Ribbit (D:9)
  Sigmund (D:4)
  2 wyverns
  A yak (D:9)
  An unseen horror simulacrum (D:9)
  A wraith (D:10)
  A human (D:10)
  Menkaure (D:4)
  4 vampire mosquitoes (D:10)
  An acid dragon (D:11)
  A water moccasin (D:9)
  4 ice beasts
  17 orc warriors
  Pargi (Sewer)
  2 sky beasts
  2 ogres
  A wolf (D:9)
  3 centaurs
  2 kobold brigands
  5 bullfrogs
  2 necrophages
  A gnoll sergeant (D:6)
  3 scorpions (D:6)
  5 wights (D:7)
  8 killer bees
  A howler monkey (D:9)
  A centaur zombie (Ossuary)
  2 wyvern simulacra (D:9)
  3 hounds
  4 human zombies (Ossuary)
  Crazy Yiuf (D:3)
  9 orc priests
  4 jellies
  4 iguanas
  Terence (D:3)
  Ijyb (D:3)
  12 orc wizards
  A human skeleton (D:10)
  A centaur simulacrum (D:9)
  3 mummies (Ossuary)
  4 adders
  13 gnolls
  5 white imps
  2 howler monkey simulacra (D:9)
  5 ufetubi
  5 adder zombies (Ossuary)
  2 worms
  31 orcs
  5 bats
  9 endoplasms
  4 giant cockroaches
  2 gnoll zombies (Ossuary)
  5 hobgoblins
  6 jackals
  17 kobolds
  6 quokkas
  11 ball pythons
  9 frilled lizards
  12 goblins
  4 goblin zombies
  2 jackal zombies (Ossuary)
  6 kobold zombies (Ossuary)
  4 orc zombies (Ossuary)
  5 quokka zombies (Ossuary)
  2 rats
  2 rat zombies (Ossuary)
309 creatures vanquished.

Vanquished Creatures (collateral kills)
  2 orc warriors (D:11)
  3 ogres
  A killer bee (D:11)
  2 electric eels (D:9)
  An orc wizard (D:11)
  7 orcs
16 creatures vanquished.

Vanquished Creatures (others)
  2 orc priests (D:11)
  3 orc warriors
  2 orc wizards
  36 orcs
  94 plants
137 creatures vanquished.

Grand Total: 462 creatures vanquished

Notes
Turn   | Place    | Note
-------+----------+-------------------------------------------
     0 | D:1      | leavemydog the Hill Orc Fighter began the quest for the
                  | Orb.
     0 | D:1      | Reached XP level 1. HP: 19/19 MP: 1/1
   180 | D:1      | Found Yxeig's Book Shoppe.
   226 | D:1      | Reached XP level 2. HP: 10/27 MP: 2/2
   231 | D:1      | Reached skill level 3 in Axes
   417 | D:1      | Found a faded altar of an unknown god.
   858 | D:2      | Reached XP level 3. HP: 33/33 MP: 3/3
  1022 | D:2      | Reached skill level 4 in Axes
  1338 | D:2      | Found a hazy altar of Hepliaklqana.
  1419 | D:2      | Reached XP level 4. HP: 40/40 MP: 4/4
  1750 | D:3      | Found a glowing drain.
  1777 | Sewer    | Entered a sewer
  1792 | Sewer    | Noticed Pargi
  1806 | Sewer    | Killed Pargi
  1807 | Sewer    | Reached skill level 5 in Axes
  1807 | Sewer    | Reached XP level 5. HP: 17/47 MP: 5/5
  2167 | D:3      | Found a runed translucent gate.
  2169 | D:3      | Found a runed translucent gate.
  2169 | D:3      | Noticed MoonlitKnight's ghost (amateur HOMo)
  2170 | D:3      | Found a runed translucent gate.
  2229 | D:3      | Found a runed translucent door.
  2230 | D:3      | Noticed Crazy Yiuf
  2271 | D:3      | Reached skill level 6 in Axes
  2444 | D:3      | Noticed Terence
  2455 | D:3      | Killed Terence
  2456 | D:3      | Found a hide-covered altar of Uskayaw.
  2491 | D:3      | Reached XP level 6. HP: 51/53 MP: 6/6
  2640 | D:3      | Found a roughly hewn altar of Beogh.
  2699 | D:3      | Killed Crazy Yiuf
  2774 | D:4      | Noticed Sigmund
  2775 | D:4      | Noticed Ijyb
  2802 | D:3      | Killed Ijyb
  2973 | D:4      | Noticed Menkaure
  3050 | D:4      | Killed Menkaure
  3051 | D:4      | Reached skill level 5 in Fighting
  3051 | D:4      | Reached skill level 7 in Axes
  3058 | D:4      | Reached XP level 7. HP: 61/61 MP: 7/7
  3138 | D:4      | Reached skill level 8 in Axes
  3167 | D:4      | Became a worshipper of Beogh the Brigand
  3243 | D:4      | Killed Sigmund
  3244 | D:4      | Reached skill level 9 in Axes
  3548 | D:4      | Reached XP level 8. HP: 64/70 MP: 8/8
  3735 | D:5      | Entered Level 5 of the Dungeon
  3808 | D:5      | Found a staircase to the Ecumenical Temple.
  3834 | Temple   | Entered the Ecumenical Temple
  3976 | D:5      | Found a shadowy altar of Dithmenos.
  4074 | D:5      | Found a snail-covered altar of Cheibriados.
  4076 | D:5      | Found an ornate altar of the Wu Jian Council.
  4076 | D:5      | Found a glowing silver altar of Zin.
  4076 | D:5      | Found an iron altar of Okawaru.
  4076 | D:5      | Found a shimmering blue altar of Sif Muna.
  4077 | D:5      | Found a blossoming altar of Fedhas.
  4497 | D:5      | Reached skill level 10 in Axes
  4871 | D:6      | Reached * piety under Beogh
  4872 | D:6      | Reached skill level 11 in Axes
  4969 | D:6      | Reached skill level 5 in Armour
  4970 | D:6      | Reached XP level 9. HP: 58/79 MP: 9/9
  5076 | D:6      | Found a sparkling altar of Nemelex Xobeh.
  5349 | D:7      | Reached skill level 12 in Axes
  5649 | D:7      | Reached skill level 13 in Axes
  5724 | D:7      | Found Toran Hacho's Tremendous Tomes.
  6131 | D:8      | Found a sand-covered staircase.
  6138 | Ossuary  | Entered an ossuary
  6154 | Ossuary  | Reached ** piety under Beogh
  6512 | D:8      | Noticed a hornet
  6521 | D:8      | Killed a hornet
  6522 | D:8      | Reached XP level 10. HP: 78/91 MP: 10/10
  6577 | D:8      | Reached *** piety under Beogh
  6726 | D:8      | Found a roughly hewn altar of Beogh.
  6798 | D:8      | Reached skill level 14 in Axes
  7266 | D:8      | Gained mutation: You have sharp toenails. [potion of
                  | mutation]
  7266 | D:8      | Gained mutation: Your spells are a little easier to cast,
                  | but a little less powerful. [potion of mutation]
  7266 | D:8      | Gained mutation: Your system is resistant to poisons.
                  | (rPois) [potion of mutation]
  7311 | D:9      | Reached skill level 10 in Fighting
  7711 | D:9      | Reached **** piety under Beogh
  7715 | D:9      | Reached skill level 5 in Shields
  7718 | D:9      | Noticed a kobold demonologist
  7733 | D:9      | Noticed a sun demon
  7749 | D:9      | Killed a kobold demonologist
  7867 | D:9      | Found a staircase to the Lair.
  7979 | D:9      | Noticed a green ugly thing
  8003 | D:9      | Killed a green ugly thing
  8004 | D:9      | Reached XP level 11. HP: 89/104 MP: 11/11
  8266 | D:9      | Found a glowing golden altar of the Shining One.
  8266 | D:9      | Found a shimmering altar of Xom.
  8392 | D:9      | Found a transporter.
  8398 | D:9      | Noticed Prince Ribbit
  8400 | D:9      | Found a bloodstained altar of Trog.
  8400 | D:9      | Noticed a deep troll
  8401 | D:9      | Noticed PeterMcNeter's ghost (novice SpHu)
  8402 | D:9      | Noticed a moth of wrath
  8411 | D:9      | Found a transporter.
  8412 | D:9      | Noticed a two-headed ogre
  8422 | D:9      | Killed Prince Ribbit
  8776 | D:10     | Entered Level 10 of the Dungeon
  8826 | D:10     | Found a runed translucent door.
  8830 | D:10     | Found a basalt altar of Yredelemnul.
  8907 | D:10     | Reached skill level 15 in Axes
  9504 | D:11     | Noticed a cyclops
  9516 | D:11     | Killed a cyclops
  9547 | D:11     | Found a shimmering blue altar of Sif Muna.
  9562 | D:11     | Noticed a cyclops
  9570 | D:11     | Was placed under penance by Beogh
  9588 | D:11     | Killed a cyclops
  9746 | D:11     | Found Lifia's Jewellery Shoppe.
 10025 | D:11     | Was forgiven by Beogh
 10145 | D:11     | Found a staircase to the Orcish Mines.
 10199 | D:11     | Noticed a boulder beetle
 10352 | D:11     | Killed a boulder beetle
 10411 | D:11     | Learned a level 2 spell: Blink
 10546 | D:11     | Noticed an orc knight
 11207 | D:12     | Noticed Lodul
 11291 | D:11     | HP: 5/107 [ogre/+0 giant club[Lodul] (9)]
 11293 | D:11     | Mangled by an ogre

Illustrated notes

Levels and vault maps discovered:
D:1:      lemuel_arrival_lava_pool, layout_rooms, serial_shops, shop,
          ebering_ecumenical_altar_rust, hangedman_decor_peaks_small
D:2:      layout_basic, basic_altar, minmay_cupped
D:3:      layout_rooms, eat_drink_and_be_merry_uskayaw,
          biasface_ghost_orc_armoury, cheibrodos_sewer_entry_sluice,
          kennysheep_generic_room_16, uniq_crazy_yiuf_cottage, uniq_terence
D:4:      layout_basic, serial_bayou, serial_bayou_lagoon_a,
          serial_bayou_pond_c, serial_bayou_pond_c, serial_bayou_pond_c,
          uniq_ijyb, uniq_sigmund, uniq_menkaure
D:5:      layout_basic, lemuel_round_altar, grunt_temple_overflow_open,
          temple_pool_b
D:6:      wad_pebble_path, layout_cave_pools, nemelex_spade_bored_becter,
          lexackson_kobold_supper
D:7:      layout_rooms, nicolae_shop_i_like_big_books, nicolae_titane
D:8:      layout_loops_ring, special_room [special_room_orc], serial_glass,
          glass_columns_c, glass_columns_a, enter_bailey_4, enter_ossuary_1
D:9:      layout_loops_ring, gammafunk_temple_overflow_elements,
          david_lair_shrubbed, serial_ice, serial_ice_a, serial_ice_j,
          serial_ice_e, serial_ice_b, serial_ice_m, serial_ice_h, serial_ice_g,
          gammafunk_ghost_wrathful_warriors, hangedman_decor_slide_cut,
          nicolae_concentric_dashed_squares_wild, uniq_prince_ribbit1
D:10:     layout_rooms, dk_yredelemnul_ordeal, bh_walls_and_bars
D:11:     layout_roguey, david_orc_4, special_room [special_room_orc],
          serial_shops, nicolae_diamond_shop, minmay_splitting_lines,
          led_sif_pool
D:12:     layout_rooms, uniq_lodul
Temple:   hellmonk_temple_rainy

Skill      XL: |  1  2  3  4  5  6  7  8  9 10 11 |
---------------+----------------------------------+-----
Axes           | 3 4 5 6 7 9 11 13 14 15 | 15.4
Fighting       | 4 5 6 7 9 11 13 | 13.5
Armour         | 4 5 7 |  7.9
Shields        | 4 5 7 |  7.0
Translocations | |  0.5

Action                   |  1- 3 |  4- 6 |  7- 9 | 10-12 || total
-------------------------+-------+-------+-------+-------++-------
Melee: War axe           |    96 |   132 |   305 |       ||   533
       Hand axe          |       |       |   157 |   521 ||   678
       Kick              |       |       |       |   165 ||   165
Invok: Convert to Beogh  |       |       |     1 |       ||     1
  Use: Potion            |       |     2 |       |     6 ||     8
       Scroll            |       |     2 |     1 |    20 ||    23
 Stab: Distracted        |       |       |       |     3 ||     3
Armor: Scale mail        |    56 |    25 |       |       ||    81
       Troll leather arm |       |    37 |   156 |   140 ||   333
       Skin              |       |    24 |       |       ||    24
       Leather armour    |       |       |       |     6 ||     6
Dodge: Dodged            |    49 |    90 |   160 |   159 ||   458
Block: Buckler           |    18 |    39 |    60 |    79 ||   196

Table legend: (Time is in decaauts)
 A = Elapsed time spent in this place.
 B = Non-inter-level travel time spent in this place.
 C = Inter-level travel time spent in this place.
 D = Time resting spent in this place.
 E = Time spent auto-exploring this place.
 F = Levels seen in this place.
 G = Mean time per level.
                   A        B        C        D        E       F      G
               +--------+--------+--------+--------+--------+-----+--------+
         Total |  11192 |  10646 |    546 |   1635 |   6418 |  15 |  746.1 |
       Dungeon |  10504 |   9972 |    532 |   1449 |   6182 |  12 |  875.3 |
        Temple |     27 |     13 |     14 |      0 |      9 |   1 |   27.0 |
         Sewer |    378 |    378 |      0 |    186 |    102 |   1 |  378.0 |
       Ossuary |    281 |    281 |      0 |      0 |    125 |   1 |  281.0 |
               +--------+--------+--------+--------+--------+-----+--------+

Top non-repeatable levels by time:
    D:11: 1502 daAuts
     D:9: 1461 daAuts
     D:2: 1038 daAuts
     D:3: 956 daAuts
     D:8: 859 daAuts
     D:5: 847 daAuts
     D:4: 791 daAuts
     D:7: 754 daAuts
     D:6: 727 daAuts
     D:1: 717 daAuts
    D:10: 702 daAuts
   Sewer: 378 daAuts
 Ossuary: 281 daAuts
    D:12: 146 daAuts
  Temple: 27 daAuts
